 Dungeon Crawl Stone Soup version 0.19-a0-1782-g9923417 (webtiles) character file.

505 TimeCube the Poker (level 7, -1/52 HPs)
             Began as a Formicid Abyssal Knight on Dec 4, 2016.
             Was a Believer of Lugonu.
             Slain by an ogre
             ... wielding a +0 giant spiked club
              (19 damage)
             ... on level 4 of the Dungeon.
             The game lasted 00:09:08 (4316 turns).

TimeCube the Poker (Formicid Abyssal Knight)        Turns: 4316, Time: 00:09:08

Health: -1/52      AC: 12    Str: 16    XL:     7   Next: 41%
Magic:  10/10      EV:  5    Int: 12    God:    Lugonu [**....]
Gold:   124        SH:  0    Dex: 12    Spells: 0 memorised, 6 levels left

rFire  . . .     SeeInvis +     a - +1 spear
rCold  . . .     Faith    .     o - +0 plate armour
rNeg   . . .     Spirit   .     (no shield)
rPois  .         Reflect  .     (helmet unavailable)
rElec  .                        (no cloak)
rCorr  +                        f - +0 pair of gloves
MR     .....                    (no boots)
Stlth  ..........               (no amulet)
                                (no ring)
                                l - ring of resist corrosion

@: no status effects
A: permanent stasis, dig shafts and tunnels, four strong arms, antennae 3
a: Dig, Shaft Self, Depart the Abyss, Bend Space, Renounce Religion


You were on level 4 of the Dungeon.
You worshipped Lugonu.
Lugonu was pleased with you.
You were not hungry.

You visited 1 branch of the dungeon, and saw 5 of its levels.
You visited the Abyss 1 time.

You collected 124 gold pieces.

Inventory:

Hand Weapons
 a - a +1 spear (weapon)
 u - a +0 blowgun
Missiles
 p - 61 javelins (quivered)
Armour
 f - a +0 pair of gloves (worn)
 o - a +0 plate armour (worn)
Jewellery
 l - a ring of resist corrosion (left hand)
Scrolls
 b - 2 scrolls of magic mapping {unknown}
 c - a scroll of random uselessness {unknown}
 d - 6 scrolls of identify {unknown}
 e - 2 scrolls of recharging {unknown}
 i - 2 scrolls of noise {unknown}
 j - a scroll of fog {unknown}
 k - 2 scrolls of immolation {unknown}
 m - a scroll of amnesia {unknown}
 q - a scroll of fear {unknown}
 r - a scroll of remove curse {unknown}
 s - a scroll of enchant armour {unknown}
 t - a scroll of teleportation {unknown}
Potions
 g - a potion of cancellation
 h - a potion of might
 n - 2 potions of brilliance {unknown}
Books
 v - a Necronomicon

   Spells                             Type                      Level
   a - Haunt                          Necromancy/Summoning         7
   b - Borgnjor's Revivification      Necromancy                   8
   c - Death's Door                   Charms/Necromancy            8
   d - Infestation                    Necromancy                   8
   e - Necromutation                  Transmutation/Necromancy     8


   Skills:
 - Level 3.2 Fighting
 * Level 6.0 Polearms
 + Level 3.1 Armour
 - Level 0.8 Dodging
 + Level 5.3 Invocations


You had 6 spell levels left.
You didn't know any spells.

Dungeon Overview and Level Annotations

Branches:
Dungeon (5/15)
 Temple: D:3-6         Lair: D:-1         Crypt: Vaults:-1     Tomb: Vaults:-1

Altars:
Okawaru
Qazlal


Innate Abilities, Weirdness & Mutations

You are under a permanent stasis effect.
You can dig through walls and to a lower floor.
Your four strong arms can wield two-handed weapons with a shield.
You have a pair of large antennae on your head. (SInv)


Message History

Press: ? - help, Dir - move target cursor, f/p - ogre
Aim: an ogre, wielding a giant spiked club (heavily wounded)
You reach to attack!
You hit the ogre (2).
The ogre is severely wounded.
A hound comes into view.
The hound barks!
You hit the ogre (3).
The ogre is severely wounded.
Your plate armour prevents you from hitting the ogre.
The ogre is severely wounded.
The ogre hits you with a giant spiked club (19)!!
Your plate armour prevents you from hitting the ogre.
The ogre is severely wounded.
The ogre hits you with a giant spiked club (15)!
You closely miss the ogre.
The ogre is severely wounded.
You hit the ogre (1).
The ogre is severely wounded.
The ogre hits you with a giant spiked club (19)!!
You die...

#........ { #.#
#........#### ####### {
..# #...####.# #. #.. ...
#.###. #.####. ##.....
#.##.. #....## #.##{# {
#...... #h##.# #....##
#O...#######....#
##@.##...........#
#...##.######....#
#....#.# #....# ########
#....#.# #....# #......##
########.# #....#
#........ .........#####
#......###########.....#
###......................#
.........#######..##.....#
###


You could see an ogre and a hound.

Vanquished Creatures
  Sigmund (D:2)
  A water moccasin (D:5)
  Ijyb (D:2)
  An iguana (D:4)
  A worker ant (D:4)
  Robin (D:2)
  A howler monkey skeleton (D:4)
  7 adders
  A gnoll (D:1)
  An ooze (D:2)
  3 leopard geckos
  4 orcs
  5 giant cockroaches
  17 goblins
  3 hobgoblins
  8 jackals
  2 quokkas
  7 bats
  3 frilled lizards
  A giant cockroach zombie (D:4)
  4 kobolds
  5 rats
78 creatures vanquished.

Notes
Turn   | Place    | Note
-------+----------+-------------------------------------------
     0 | Abyss:1  | TimeCube the Formicid Abyssal Knight began the quest for the Orb.
     0 | Abyss:1  | Reached XP level 1. HP: 18/18 MP: 2/2
    79 | Abyss:1  | Noticed a frost giant simulacrum
    79 | Abyss:1  | Noticed an unseen horror
    80 | Abyss:1  | Noticed a tentacled starspawn
    80 | D:1      | Escaped the Abyss
   265 | D:1      | Reached XP level 2. HP: 21/24 MP: 3/3
   449 | D:1      | Reached * piety under Lugonu
   596 | D:1      | Reached skill level 3 in Polearms
   596 | D:1      | Reached XP level 3. HP: 17/29 MP: 4/4
  1296 | D:2      | Noticed Sigmund
  1320 | D:2      | Killed Sigmund
  1320 | D:2      | Reached skill level 4 in Polearms
  1320 | D:2      | Reached XP level 4. HP: 15/35 MP: 5/7
  1320 | D:2      | Reached XP level 5. HP: 17/41 MP: 5/8
  1367 | D:2      | Reached XP level 6. HP: 27/47 MP: 9/9
  1547 | D:2      | Found a stormy altar of Qazlal.
  1670 | D:2      | Reached skill level 5 in Polearms
  1712 | D:2      | Noticed Robin
  1800 | D:2      | Killed Robin
  1915 | D:2      | Noticed Ijyb
  1924 | D:2      | You fall through a shaft!
  2577 | D:3      | Found an iron altar of Okawaru.
  2814 | D:2      | Killed Ijyb
  3127 | D:4      | Noticed an ogre
  3497 | D:4      | Reached ** piety under Lugonu
  3564 | D:4      | Reached skill level 5 in Invocations
  3564 | D:4      | Reached XP level 7. HP: 28/52 MP: 10/10
  3748 | D:5      | Entered Level 5 of the Dungeon
  3981 | D:5      | Noticed a water moccasin
  4003 | D:5      | Killed a water moccasin
  4004 | D:5      | Reached skill level 6 in Polearms
  4316 | D:4      | Slain by an ogre

Vault maps used:
D:1:      dpeg_arrival_short_road, kennysheep_crisscross
D:2:      nicolae_qazlal_general_emergency, uniq_robin, uniq_iyjb, uniq_sigmund
D:3:      kennysheep_okawaru_gauntlet
D:5:      kennysheep_kobold_camp, serial_shops, kennysheep_mini, first_bread,
          uniq_prince_ribbit1

Skill      XL: |  1  2  3  4  5  6  7 |
---------------+----------------------+-----
Polearms       | 3 4 5 6 |  6.0
Invocations    | 4 5 |  5.3
Armour         | 3 |  3.1
Fighting       | |  3.2
Dodging        | |  0.8

Action                   |  1- 3 |  4- 6 |  7- 9 || total
-------------------------+-------+-------+-------++-------
Melee: Spear             |    60 |   308 |    55 ||   423
Throw: Javelin           |       |     2 |     3 ||     5
Invok: Depart the Abyss  |     1 |       |       ||     1
       Bend Space        |       |       |     1 ||     1
 Abil: Shaft Self        |       |     1 |       ||     1
  Use: Potion            |     2 |       |     2 ||     4
 Stab: Sleeping          |     1 |       |       ||     1
Armor: Leather armour    |     9 |    16 |       ||    25
       Plate armour      |       |   117 |    23 ||   140
Dodge: Dodged            |    23 |    74 |     9 ||   106
